 Dungeon Crawl Stone Soup version 0.18.1-50-g88ac8fd (webtiles) character file.

1355 Letos the Slasher (level 8, -3/64 HPs)
             Began as a Formicid Fighter on Oct 22, 2016.
             Slain by an ogre
             ... wielding a +0 giant club
              (15 damage)
             ... on level 5 of the Dungeon.
             The game lasted 00:05:39 (4824 turns).

Letos the Slasher (Formicid Fighter)                Turns: 4824, Time: 00:05:40

Health: -3/64      AC: 11    Str: 21    XL:     8   Next: 95%
Magic:  8/8        EV:  7    Int: 10    God:
Gold:   210        SH:  5    Dex: 10    Spells: 0 memorised, 7 levels left

rFire  . . .     SeeInvis +     a - +0 long sword
rCold  . . .     Gourm    .     t - +0 chain mail
rNeg   . . .     Faith    .     y - +0 buckler
rPois  .         Spirit   .     (helmet unavailable)
rElec  .         Dismiss  .     o - +0 cloak
rCorr  .         Reflect  .     (no gloves)
SustAt .         Harm     .     (no boots)
MR     .....                    (no amulet)
Stlth  ..........               (no ring)
                                (no ring)

@: not resistant to hostile enchantments, extremely unstealthy
A: permanent stasis, dig shafts and tunnels, four strong arms, antennae 3
a: Dig, Shaft Self


You were on level 5 of the Dungeon.
You were not hungry.

You visited 1 branch of the dungeon, and saw 5 of its levels.

You collected 210 gold pieces.

Inventory:

Hand Weapons
 a - a +0 long sword (weapon)
Armour
 c - a +0 shield
 o - a +0 cloak (worn)
 t - a +0 chain mail (worn)
 y - a +0 buckler (worn)
Scrolls
 k - 2 scrolls of remove curse
 m - 3 scrolls of noise {unknown}
 n - a scroll of magic mapping {unknown}
 p - 2 scrolls of teleportation
 s - a scroll of random uselessness {unknown}
 v - a scroll of enchant armour {unknown}
 x - a scroll of identify
 A - a scroll of immolation {unknown}
 B - a scroll of recharging {unknown}
Potions
 b - 2 potions of magic
 d - 2 potions of might
 e - a potion of cure mutation
 g - 2 potions of haste
 h - 3 potions of lignification
 q - a potion of berserk rage {unknown}
 r - a potion of flight
 u - a potion of agility {unknown}
 z - a potion of curing {unknown}
Comestibles
 f - 2 bread rations
 j - 3 meat rations
 l - a beef jerky


   Skills:
 + Level 5.8 Fighting
 * Level 7.6 Long Blades
 - Level 5.0 Armour
 + Level 6.4 Shields


You had 7 spell levels left.
You didn't know any spells.

Dungeon Overview and Level Annotations

Branches:
Dungeon (5/15)
 Temple: D:4-7

Altars:
Qazlal
Xom


Innate Abilities, Weirdness & Mutations

You are under a permanent stasis effect.
You can dig through walls and to a lower floor.
Your four strong arms can wield two-handed weapons with a shield.
You have a pair of large antennae on your head (SInv).


Message History

You kill the worker ant!
An ogre comes into view. It is wielding a giant club.
The ogre shouts!
The ogre hits you with a giant club!!
An ogre is nearby!
You closely miss the ogre. The ogre hits you with a giant club!!
* * * LOW HITPOINT WARNING * * *
You hit the ogre.
The ogre is moderately wounded.
You slash the ogre!
The ogre is severely wounded.
The ogre hits you with a giant club!
* * * LOW HITPOINT WARNING * * *
Drink which item? (? for menu, Esc to quit)
You feel much better. The ogre hits you with a giant club!!
* * * LOW HITPOINT WARNING * * *
You barely miss the ogre.
The ogre is severely wounded.
The ogre hits you with a giant club!
You die...

..#####.#.#
..........#
........###
..#####.#
#†#
##..#####.##
...........#
....#####.##
. #@# #O####
#....#
####.# #


You could see an ogre.

Vanquished Creatures
  The ghost of Letos the Shield-Bearer, an amateur FoFi (D:4)
  3 yaks (D:4)
  A phantom (D:4)
  A necrophage (D:5)
  A scorpion (D:4)
  A crimson imp (D:5)
  A hound (D:5)
  An orc priest (D:3)
  An orc wizard (D:3)
  Crazy Yiuf (D:3)
  2 worker ants (D:5)
  A worker ant zombie (D:3)
  11 gnolls
  6 adders
  A worm (D:3)
  5 dart slugs
  4 giant geckos
  11 orcs
  4 giant cockroaches
  12 hobgoblins
  10 jackals
  3 quokkas
  9 bats
  4 giant newts
  8 goblins
  A jackal skeleton (D:4)
  11 kobolds
  10 rats
125 creatures vanquished.

Notes
Turn   | Place    | Note
--------------------------------------------------------------
     0 | D:1      | Letos the Formicid Fighter began the quest for the Orb.
     0 | D:1      | Reached XP level 1. HP: 18/18 MP: 1/1
   252 | D:1      | Reached XP level 2. HP: 24/24 MP: 2/2
   702 | D:1      | Reached XP level 3. HP: 28/29 MP: 3/3
  1118 | D:2      | Reached skill level 3 in Long Blades
  1118 | D:2      | Reached XP level 4. HP: 27/37 MP: 4/4
  1289 | D:2      | You fall through a shaft!
  1424 | D:2      | Reached XP level 5. HP: 31/42 MP: 5/5
  1425 | D:2      | Found a shimmering altar of Xom.
  1955 | D:3      | Noticed Crazy Yiuf
  1968 | D:3      | Killed Crazy Yiuf
  1968 | D:3      | Reached skill level 4 in Long Blades
  2285 | D:3      | Reached XP level 6. HP: 25/48 MP: 6/6
  2576 | D:3      | Reached skill level 5 in Shields
  3419 | D:4      | Noticed a yak
  3420 | D:4      | Noticed a yak
  3421 | D:4      | Noticed a yak
  3431 | D:4      | Killed a yak
  3431 | D:4      | Reached skill level 5 in Long Blades
  3431 | D:4      | Reached XP level 7. HP: 24/55 MP: 7/7
  3435 | D:4      | Killed a yak
  3435 | D:4      | Reached skill level 5 in Fighting
  3440 | D:4      | Killed a yak
  3440 | D:4      | Reached skill level 5 in Armour
  3440 | D:4      | Reached XP level 8. HP: 12/62 MP: 8/8
  3751 | D:4      | Reached skill level 6 in Long Blades
  3850 | D:4      | Found a stormy altar of Qazlal.
  4116 | D:4      | Noticed Letos's ghost (amateur FoFi)
  4130 | D:4      | Killed Letos's ghost
  4130 | D:4      | Reached skill level 7 in Long Blades
  4282 | D:5      | Entered Level 5 of the Dungeon
  4824 | D:5      | Slain by an ogre

Skill      XL: |  1  2  3  4  5  6  7  8 |
---------------+-------------------------+-----
Shields        | 4 5 6 |  6.4
Long Blades    | 3 4 5 7 |  7.6
Fighting       | 4 5 |  5.8
Armour         | 4 5 |  5.0

Action                   |  1- 3 |  4- 6 |  7- 9 || total
-------------------------+-------+-------+-------++-------
Melee: Long sword        |   107 |   272 |   149 ||   528
 Abil: Dig               |       |     5 |     1 ||     6
  Use: Potion            |       |     1 |     2 ||     3
       Scroll            |       |       |     8 ||     8
  Eat: Chunk             |     1 |     8 |     1 ||    10
       Bread ration      |       |       |     1 ||     1
Armor: Scale mail        |    40 |    73 |       ||   113
       Chain mail        |       |    11 |    52 ||    63
Dodge: Dodged            |    38 |    86 |    25 ||   149
Block: Shield            |    67 |   120 |    47 ||   234
       Buckler           |       |       |     5 ||     5
